 Dungeon Crawl Stone Soup version 0.30-a0-358-g0d69a1922f (console) character file.

Game seed: 3106329419482522737

506 petzl the Sneak (level 7, -12/54 HPs)
             Began as a Formicid Delver on Nov 8, 2022.
             Hit by a large rock thrown by a cyclops (35 damage)
             ... on level 12 of the Dungeon.
             The game lasted 00:47:19 (4331 turns).

petzl the Sneak (Formicid Delver)                   Turns: 4331, Time: 00:47:20

Health: -12/54     AC:  3    Str: 22    XL:     7   Next: 41%
Magic:  11/11      EV: 12    Int: 12    God:
Gold:   47         SH:  0    Dex: 15    Spells: 9/12 levels left

rFire   . . .      SeeInvis +    a - +0 shortbow (vorpal)
rCold   . . .      Faith    .    (no shield)
rNeg    . . .      Spirit   .    r - +0 leather armour
rPois   .          Reflect  .    (helmet unavailable)
rElec   .          Harm     .    (no cloak)
rCorr   .          Rampage  .    (no gloves)
Will    .....                    (no boots)
Stlth   +++.......               (no amulet)
HPRegen 0.29/turn                i - +6 ring of strength
MPRegen 0.12/turn                (no ring)

@: no status effects
A: permanent stasis, dig shafts and tunnels, antennae 3, four strong arms
a: Dig, Shaft Self


You were on level 12 of the Dungeon.
You visited 1 branch of the dungeon, and saw 10 of its levels.

You collected 114 gold pieces.
You spent 67 gold pieces at shops.

Inventory:

Hand Weapons
 a - a +0 vorpal shortbow (weapon)
 b - a +0 mace
 g - a +0 falchion
 s - a +0 sling
Missiles
 e - 3 boomerangs
 n - a poisoned dart
 v - a curare-tipped dart (quivered)
Armour
 l - a +0 ring mail
 r - a +0 leather armour (worn)
Jewellery
 i - a +6 ring of strength (left hand)
Wands
 f - a wand of digging (1)
Scrolls
 c - a scroll of fog
 d - a scroll of magic mapping
 k - a scroll of poison
 o - 2 scrolls of immolation
 w - a scroll of identify
Potions
 h - a potion of cancellation {unknown}
 j - a potion of degeneration {unknown}
 m - a potion of brilliance {unknown}
 p - a potion of heal wounds
 q - a potion of might {unknown}
 t - a potion of magic {unknown}
 u - a potion of flight
 x - a potion of attraction {unknown}


   Skills:
 - Level 4.2 Fighting
 - Level 2.0 Maces & Flails
 + Level 2.9 Ranged Weapons
 - Level 2.8 Dodging
 - Level 6.9 Stealth
 + Level 3.3 Spellcasting
 + Level 1.8 Transmutations
 * Level 3.3 Poison Magic


You had 9 spell levels left.
You knew the following spells:

 Your Spells              Type           Power      Damage    Failure   Level
a - Spider Form           Tmut/Pois      8%         N/A       28%         3

Your spell library contained the following spells:

 Spells                   Type           Power      Damage    Failure   Level
 Beastly Appendage        Tmut           12%        N/A       13%         1
 Wereblood                Tmut           6%         N/A       19%         2


Dungeon Overview and Level Annotations

Branches:
Dungeon (14/15)
 Temple: D:4-7         Lair: D:8-11         Orc: D:9-12      Vaults: D:13-14

Altars:

Shops:
D:8 :   D:9 =(   D:10 *   D:14 (*

Annotations:
D:5 exclusions: downstairs and ice beast
D:6 exclusions: ice beast, upstairs and water moccasin
D:7 exclusions: bullfrog, downstairs, orc, orc warrior and sensed monster (detected)
D:8 Amaemon, Maggie
D:9 exclusions: 2 downstairs, orc warrior and upstairs
D:10 exclusion: orc priest
D:11 exclusions: downstairs and yak
D:12 exclusions: cyclops, downstairs and two-headed ogre
D:13 exclusions: centaur warrior, 2 sensed monsters (detected), 2 slime creatures, unseen horror and vampire mosquito
D:14 exclusions: basilisk, 2 boulder beetles, neqoxec, 2 sensed monsters (detected), two-headed ogre and ugly thing, Frances, Louise


Innate Abilities, Weirdness & Mutations

You cannot be hasted, slowed, berserked, paralysed or teleported.
You can dig through walls and to a lower floor.
You have a pair of large antennae on your head. (SInv)
Your four strong arms can wield two-handed weapons with a shield.


Message History

You start resting.
A cyclops is nearby!
The cyclops shouts!
Throw: 4 darts (curare)
Press: ? - help, Q - select action, (/) - cycle Shift-Dir - straight line, f - cyclops
Aim: a cyclops, quivering large rocks (86% to hit)
You throw a curare-tipped dart.
The curare-tipped dart hits the cyclops.
The cyclops is poisoned.
The cyclops convulses.
The cyclops seems to slow down.
The cyclops is lightly wounded.
You shoot an arrow. The arrow hits the cyclops.
The cyclops is moderately wounded.
You shoot an arrow. The arrow hits the cyclops.
The cyclops is moderately wounded.
The cyclops throws a large rock.
The large rock closely misses you.
Throw: 3 darts (curare)
Press: ? - help, Q - select action, (/) - cycle Shift-Dir - straight line, f/p - cyclops
Aim: a cyclops, quivering large rocks (moderately wounded, very poisoned, slow, 86% to hit)
You throw a curare-tipped dart.
The curare-tipped dart hits the cyclops.
The cyclops looks as sick as possible!
The cyclops convulses.
The cyclops seems to be slow for longer.
The cyclops is heavily wounded.
You shoot an arrow.
The arrow hits the cyclops but does no damage.
The cyclops is heavily wounded.
You shoot an arrow. The arrow barely misses the cyclops.
The cyclops throws a large rock.
The large rock hits you!!
Ouch! That really hurt!
Throw: 2 darts (curare)
Press: ? - help, Q - select action, (/) - cycle Shift-Dir - straight line, f/p - cyclops
Aim: a cyclops, quivering large rocks (severely wounded, very poisoned, slow, 86% to hit)
You throw a curare-tipped dart.
The curare-tipped dart hits the cyclops.
The cyclops looks as sick as possible!
The cyclops convulses.
The cyclops seems to be slow for longer.
The cyclops is almost dead.
The cyclops throws a large rock.
The large rock hits you!!
Ouch! That really hurt!
You die...

### ##.# #..## #...# ###
##..######.### ##.....#.#....##
###### #......#.......# #....#
##.............# #....####
#............### #....#.###
######..####..#...###........#
#...#.@...##...#....#........#
##.........####.#...##.##..>..#
#............#...#.....##.#####
###...#.....................#
#.C##.....................#
#....(................##....
#######.....#............# #....
###..####.....#....#......... .....
#..................#...........####
#........#....##.. ..$.#......O.
#.............##..............
###..#.(..###.### ...........
#..#....# .# ##......# ..
#............ ###.....#.. #.......#
###..#... ....##.


You could see a cyclops (extremely poisoned, slow).

Vanquished Creatures
  A troll (D:12)
  A centaur (D:9)
  A scorpion (D:6)
  2 howler monkeys (D:13)
  An iguana (D:7)
  2 orc wizards
  8 orcs
  3 kobolds
19 creatures vanquished.

Vanquished Creatures (others)
  A plant (D:11)
1 creature vanquished.

Grand Total: 20 creatures vanquished

Notes
Turn   | Place    | Note
-------+----------+-------------------------------------------
     0 | D:5      | petzl the Formicid Delver began the quest for the Orb.
     0 | D:5      | Reached XP level 1. HP: 18/18 MP: 1/1
    43 | D:6      | Noticed an ice beast
    55 | D:6      | Noticed a wight
    76 | D:5      | Noticed an ice beast
    87 | D:5      | Noticed an orc priest
    98 | D:5      | Noticed an orc priest
   101 | D:5      | You fall into a shaft and drop 2 floors!
   170 | D:8      | Noticed a water moccasin
   183 | D:7      | Noticed an iguana
   215 | D:7      | Noticed a bullfrog
   310 | D:7      | Noticed an orc warrior
   361 | D:7      | Noticed a water moccasin
   370 | D:7      | Killed an iguana
   371 | D:7      | Reached skill level 1 in Spellcasting
   371 | D:7      | Reached XP level 2. HP: 24/24 MP: 1/4
   371 | D:7      | Reached XP level 3. HP: 29/29 MP: 1/5
   401 | D:7      | Reached XP level 4. HP: 17/37 MP: 3/6
   996 | D:6      | Noticed a wight
  1014 | D:5      | You fall into a shaft and drop 3 floors!
  1014 | D:8      | Found Vyleed's Vocational Training.
  1184 | D:8      | Noticed Maggie
  1195 | D:8      | You fall into a shaft and drop 2 floors!
  1195 | D:10     | Entered Level 10 of the Dungeon
  1260 | D:9      | Found Budet's Antique Weapon Shoppe.
  1260 | D:9      | Found Ditrat's Jewellery Shop.
  1265 | D:10     | Found Pariedgh's General Store.
  1298 | D:9      | Bought a sling for 39 gold pieces
  1325 | D:8      | Noticed Amaemon
  1325 | D:8      | Noticed an orange demon
  1342 | D:9      | Noticed an orc warrior
  1363 | D:9      | Noticed a centaur
  1381 | D:9      | Killed a centaur
  1382 | D:9      | Reached skill level 1 in Ranged Weapons
  1382 | D:9      | Reached XP level 5. HP: 31/42 MP: 8/8
  1460 | D:10     | Noticed an orc warrior
  1532 | D:9      | Noticed a steam dragon
  1568 | D:10     | Noticed a kobold brigand
  1615 | D:8      | Noticed an acid dragon
  2046 | D:6      | Noticed a water moccasin
  2189 | D:6      | Reached XP level 6. HP: 42/47 MP: 8/10
  2252 | D:5      | You fall into a shaft and drop 2 floors!
  2378 | D:7      | Noticed a water moccasin
  2383 | D:7      | You fall into a shaft and drop 2 floors!
  2533 | D:9      | Noticed a water moccasin
  2543 | D:9      | You fall into a shaft and drop 2 floors!
  2580 | D:11     | Noticed a yak
  2634 | D:11     | You fall into a shaft and drop 2 floors!
  2783 | D:13     | Noticed an unseen horror
  2845 | D:13     | Noticed a slime creature
  2882 | D:14     | Noticed a manticore
  2885 | D:13     | Noticed a slime creature
  2954 | D:13     | Noticed a centaur warrior
  3064 | D:12     | Noticed a komodo dragon
  3065 | D:12     | Noticed a boulder beetle
  3067 | D:12     | You fall into a shaft and drop 2 floors!
  3085 | D:14     | Noticed a boulder beetle
  3099 | D:14     | Found Ethruome's Antique Weapon Boutique.
  3177 | D:14     | Noticed Frances
  3195 | D:14     | Noticed a two-headed ogre
  3217 | D:14     | Noticed a boulder beetle
  3219 | D:14     | Noticed a neqoxec
  3255 | D:14     | Noticed a boulder beetle
  3256 | D:14     | Noticed a slime creature
  3257 | D:14     | Noticed a white ugly thing
  3273 | D:14     | Noticed a chaos spawn
  3274 | D:14     | Noticed a hellwing
  3274 | D:14     | Noticed a soul eater
  3473 | D:13     | Noticed a skeletal warrior
  3477 | D:13     | Noticed a skeletal warrior
  3479 | D:13     | Noticed a skeletal warrior
  3492 | D:13     | Noticed a skeletal warrior
  3492 | D:13     | Noticed a skeletal warrior
  3521 | D:12     | Noticed a cyclops
  3521 | D:12     | Noticed a gargoyle
  3521 | D:12     | Noticed a cyclops
  3530 | D:12     | Noticed a basilisk
  3587 | D:11     | Learned a level 3 spell: Spider Form
  3716 | D:11     | Noticed a gargoyle
  3725 | D:11     | You fall into a shaft and drop 2 floors!
  3840 | D:13     | Noticed a vampire mosquito
  3920 | D:13     | Reached skill level 1 in Poison Magic
  3934 | D:13     | You fall into a shaft and drop 1 floor!
  3935 | D:14     | Noticed a basilisk
  4043 | D:14     | Found Okuidu's General Store.
  4046 | D:14     | Noticed Louise
  4049 | D:14     | Bought a scroll of identify for 28 gold pieces
  4181 | D:12     | Noticed a two-headed ogre
  4190 | D:12     | Noticed a troll
  4270 | D:12     | Killed a troll
  4271 | D:12     | Reached skill level 1 in Transmutations
  4271 | D:12     | Reached XP level 7. HP: 38/54 MP: 5/11
  4331 | D:12     | Hit by a large rock thrown by a cyclops

Illustrated notes

Levels and vault maps discovered:
D:5:      layout_rooms, uniq_ijyb, uniq_menkaure
D:6:      layout_basic
D:7:      layout_basic, minmay_temple_entry_purple_smoke
D:8:      layout_rooms, dreamdust_wishing_well, nicolae_shop_vocational,
          uniq_maggie, uniq_amaemon
D:9:      layout_roguey [special_room_orc], serial_shops, nicolae_diamond_shop,
          kennysheep_mini, shop, shop, kennysheep_nondescript, moated_statue,
          kennysheep_generic_room_4
D:10:     layout_layer_cave, orc_0_dummy, serial_shops, nicolae_shop_trees,
          uniq_urug
D:11:     layout_gridville, grunt_lair_entry_orc_guard_hut
D:12:     layout_cave_pools, gauntlet_entry_generic, grunt_ministairs_5,
          chequers_big_river
D:13:     layout_stronghold
D:14:     evilmike_makhleb_hellhole, layout_cave_pools, david_vaults_5,
          serial_shops, shop, nicolae_shop_stone, minivault_19, uniq_louise,
          uniq_frances

Skill      XL: |  1  2  3  4  5  6 |
---------------+-------------------+-----
Dodging        | 2 |  2.8
Spellcasting   | 1 2 3 |  3.3
Fighting       | 4 |  4.2
Ranged Weapons | 1 2 |  2.9
Poison Magic   | 3 |  3.3
Transmutations | 1 |  1.8
Maces & Flails | |  2.0
Stealth        | |  6.9

Action                   |  1- 3 |  4- 6 |  7- 9 || total
-------------------------+-------+-------+-------++-------
Melee: Mace              |    12 |    48 |       ||    60
       Punch             |       |     1 |       ||     1
       Unarmed           |       |     5 |       ||     5
 Fire: Shortbow          |       |    28 |     4 ||    32
Throw: Dart              |     2 |     5 |     3 ||    10
       Throwing net      |       |     1 |       ||     1
 Cast: Spider Form       |       |     3 |       ||     3
 Abil: Shaft Self        |     1 |     9 |       ||    10
       Dig               |       |    10 |       ||    10
Evoke: Wand              |       |     2 |       ||     2
  Use: Scroll            |       |     9 |       ||     9
       Potion            |       |     2 |       ||     2
 Stab: Held in net/web   |       |     1 |       ||     1
Armor: Leather armour    |     1 |    19 |       ||    20
Dodge: Dodged            |     2 |    53 |     1 ||    56

Table legend: (Time is in decaauts)
 A = Elapsed time spent in this place.
 B = Non-inter-level travel time spent in this place.
 C = Inter-level travel time spent in this place.
 D = Time resting spent in this place.
 E = Time spent auto-exploring this place.
 F = Levels seen in this place.
 G = Mean time per level.
                   A        B        C        D        E       F      G
               +--------+--------+--------+--------+--------+-----+--------+
         Total |   4364 |   4072 |    292 |   1291 |     11 |  10 |  436.4 |
       Dungeon |   4364 |   4072 |    292 |   1291 |     11 |  10 |  436.4 |
               +--------+--------+--------+--------+--------+-----+--------+

Top non-repeatable levels by time:
     D:7: 965 daAuts
    D:13: 959 daAuts
     D:6: 654 daAuts
     D:9: 499 daAuts
    D:14: 372 daAuts
    D:11: 283 daAuts
     D:8: 227 daAuts
    D:12: 178 daAuts
    D:10: 112 daAuts
     D:5: 111 daAuts
